Map: Frozen Temple

Players

ELGOLDEN

  • Race: Protoss Protoss
  • League: Silver

Rakan - Winner!

  • Race: Terran Terran
  • League: Diamond

VOD

https://www.youtube.com/channel/UCcSgNfDNxvyisU-eCj9xyNg/playlists

Description

Time

  • Played on: Aug. 14, 2016, 11:33 a.m.
  • Length: 15:25
Show
View Real Time Build Order
Export as new Build Order

ELGOLDEN Protoss 

Build Orders: 1 Gate Expand, Oracle Opening 

Get SALT Encoding   

  12  0:01  Probe (Chrono Boost)  
  13  0:11  Probe (Chrono Boost)  
  14  0:18  Pylon  
  14  0:22  Probe (Chrono Boost)  
  15  0:37  Probe (Chrono Boost)  
  15  0:39  Gateway  
  16  0:47  Probe (Chrono Boost)  
  17  1:07  Nexus  
  17  1:12  Assimilator  
  17  1:15  Probe (Chrono Boost)  
  18  1:28  Probe (Chrono Boost), Cybernetics Core  
  19  1:35  Assimilator  
  19  1:39  Probe (Chrono Boost)  
  20  1:44  Pylon  
  20  1:52  Probe (Chrono Boost)  
  21  2:02  Adept  
  21  2:04  Probe (Chrono Boost)  
  26  2:18  Mothership Core (Chrono Boost)  
  26  2:20  Probe (Chrono Boost)  
  27  2:30  Probe (Chrono Boost)  
  28  2:38  Probe (Chrono Boost)  
  29  2:44  Probe (Chrono Boost)  
  29  2:48  Probe (Chrono Boost)  
  29  2:49  Stargate  
  30  2:54  Probe (Chrono Boost)  
  31  2:59  Probe (Chrono Boost)  
  32  3:07  Nexus  
  32  3:09  Probe x2 (Chrono Boost)  
  34  3:15  Assimilator  
  34  3:19  Probe (Chrono Boost), Sentry  
  37  3:20  Warp Gate  
  37  3:30  Probe x2 (Chrono Boost)  
  39  3:44  Probe x2 (Chrono Boost)  
  39  3:48  Oracle  
  39  3:55  Probe (Chrono Boost)  
  44  3:56  Probe (Chrono Boost)  
  44  3:58  Pylon  
  44  3:59  Adept  
  46  4:07  Pylon  
  46  4:15  Assimilator  
  46  4:16  Probe (Chrono Boost)  
  48  4:18  Probe (Chrono Boost)  
  48  4:20  Probe (Chrono Boost)  
  48  4:21  Phoenix  
  49  4:27  Probe (Chrono Boost)  
  49  4:30  Probe x2 (Chrono Boost)  
  54  4:34  Pylon  
  54  4:37  Probe (Chrono Boost)  
  55  4:38  Pylon  
  55  4:41  Probe (Chrono Boost)  
  55  4:42  Robotics Facility, Probe (Chrono Boost)  
  57  4:47  Phoenix  
  57  4:48  Probe (Chrono Boost)  
  57  4:52  Probe (Chrono Boost)  
  62  4:54  Probe (Chrono Boost)  
  62  4:56  Gateway  
  62  4:58  Probe (Chrono Boost)  
  63  5:06  Probe (Chrono Boost)  
  64  5:10  Oracle  
  66  5:16  Gateway  
  66  5:28  Stalker  
  68  5:32  Immortal  
  67  5:59  Stalker  
  67  6:02  Probe (Chrono Boost)  
  67  6:03  Probe x2 (Chrono Boost)  
  72  6:06  Phoenix  
  74  6:12  Probe (Chrono Boost)  
  74  6:15  Probe x2 (Chrono Boost)  
  73  6:22  Observer  
  73  6:23  Probe (Chrono Boost)  
  73  6:27  Probe x2 (Chrono Boost)  
  75  6:33  Probe (Chrono Boost)  
  75  6:39  Probe x2 (Chrono Boost)  
  78  6:40  Assimilator  
  78  6:42  Assimilator  
  78  6:43  Gateway  
  78  6:44  Probe (Chrono Boost), Stalker x2  
  78  6:47  Pylon  
  83  6:48  Observer  
  83  6:49  Pylon  
  83  6:51  Probe x2 (Chrono Boost)  
  83  6:54  Probe (Chrono Boost)  
  83  6:58  Void Ray  
  88  7:03  Probe (Chrono Boost)  
  88  7:04  Probe (Chrono Boost)  
  88  7:05  Probe (Chrono Boost)  
  91  7:10  Immortal  
  91  7:11  Robotics Bay  
  91  7:13  Forge  
  98  7:15  Probe (Chrono Boost)  
  98  7:16  Probe x2 (Chrono Boost), Pylon  
  98  7:17  Stalker  
  98  7:18  Pylon, Stalker  
  102  7:28  Probe (Chrono Boost)  
  102  7:29  Mothership Core (Chrono Boost)  
  105  7:31  Stalker  
  105  7:32  Protoss Ground Weapons Level 1  
  105  7:34  Probe (Chrono Boost)  
  108  7:40  Probe (Chrono Boost), Stalker x2  
  108  7:41  Sentry  
  115  7:45  Probe (Chrono Boost)  
  115  7:46  Void Ray  
  115  7:49  Probe (Chrono Boost)  
  121  7:55  Stalker  
  123  8:07  Nexus, Stalker  
  123  8:11  Pylon  
  123  8:12  Pylon x2  
  125  8:15  Pylon x2  
  125  8:26  Robotics Facility  
  125  8:29  Colossus  
  131  8:34  Stalker  
  131  8:35  Stalker x2  
  130  9:02  Stalker x3  
  122  9:03  Stalker  
  130  9:10  Probe x2 (Chrono Boost)  
  130  9:24  Zealot x2  
  134  9:34  Stalker x2  
  138  9:42  Twilight Council  
  138  9:46  Assimilator, Gateway  
  138  9:49  Probe x2 (Chrono Boost), Assimilator  
  138  9:50  Probe (Chrono Boost), Gateway  
  138  9:51  Probe (Chrono Boost)  
  138  9:52  Gateway  
  142  9:55  Void Ray  
  146  10:08  Pylon  
  146  10:09  Stalker x2  
  146  10:10  Stalker  
  152  10:22  Disruptor  
  152  10:24  Zealot  
  157  10:34  Photon Cannon  
  157  10:36  Photon Cannon  
  157  10:38  Photon Cannon  
  157  10:39  Cybernetics Core  
  157  10:43  Stalker x2  
  157  10:44  Stalker x4  
  157  10:47  Gateway  
  169  10:54  Colossus  
  172  11:07  Blink  
  169  11:13  Templar Archives  
  168  11:26  Void Ray  
  168  11:27  Disruptor  
  175  11:34  Photon Cannon  
  175  11:35  Photon Cannon  
  175  11:37  Photon Cannon  
  175  11:38  Psionic Storm  
  175  11:50  Pylon  
  175  11:58  Nexus  
  175  12:15  High Templar  
  175  12:16  High Templar x3  
  183  12:27  Pylon  
  183  12:30  Gateway  
  183  12:32  Pylon  
  183  12:33  Pylon, Gateway  
  183  12:34  High Templar x2  
  183  12:36  Gateway  
  183  12:37  Gateway  
  183  12:41  Assimilator  
  183  12:43  Zealot x2  
  185  12:44  Assimilator  
  185  12:46  Photon Cannon  
  185  12:54  High Templar x3  
  185  12:57  Stalker  
  191  12:58  Archon  
  134  13:21  Archon  
  112  13:29  Stalker x3  
  112  13:30  Stalker x5  
  128  13:36  Archon  
  103  13:51  Stalker x2  
  103  13:52  Stalker x2  
  103  13:53  Stalker x2  
  62  14:05  High Templar x2  
  60  14:14  Probe (Chrono Boost)  
  61  14:19  High Templar  
  61  14:20  Zealot x4  
  71  14:44  High Templar x2  
  71  14:45  Zealot x4  
  83  14:50  Archon  
  83  15:01  Zealot x4  
  89  15:13  Archon  
Show
View Real Time Build Order
Export as new Build Order

Rakan Terran - Winner!

Build Orders: Reaper Expand, MMM Bio 

Get SALT Encoding   

  12  0:01  SCV  
  13  0:13  SCV  
  14  0:18  Supply Depot  
  14  0:25  SCV  
  15  0:39  SCV  
  15  0:41  Barracks  
  16  0:45  Refinery  
  16  0:52  SCV  
  17  1:04  SCV  
  18  1:16  SCV  
  19  1:28  Orbital Command  
  19  1:29  Reaper  
  20  1:50  Command Center  
  20  1:58  Barracks  
  20  2:07  Barracks Reactor  
  20  2:08  Supply Depot  
  20  2:10  SCV  
  20  2:14  Refinery  
  21  2:22  SCV  
  22  2:30  Factory  
  22  2:40  SCV  
  22  2:45  Barracks Tech Lab  
  22  2:47  Bunker  
  22  2:50  Marine  
  23  2:52  SCV  
  24  3:04  SCV  
  24  3:05  Stimpack, Marine  
  26  3:07  SCV  
  26  3:11  Marine x2  
  29  3:14  Widow Mine  
  31  3:23  Orbital Command  
  31  3:25  SCV  
  31  3:26  Marine  
  32  3:41  SCV  
  32  3:46  Starport  
  32  3:47  Supply Depot  
  33  3:49  SCV  
  33  3:51  Marine  
  33  3:52  Marine  
  33  3:54  SCV  
  37  3:56  Widow Mine  
  37  4:01  SCV  
  40  4:06  SCV, Engineering Bay  
  40  4:08  Marine  
  40  4:09  Marine  
  42  4:16  SCV  
  44  4:20  SCV  
  44  4:22  Marine  
  46  4:24  Medivac  
  46  4:26  Marine  
  46  4:27  Marine  
  46  4:28  SCV  
  51  4:34  Missile Turret  
  51  4:39  Missile Turret, SCV, Marine  
  51  4:44  Marine  
  54  4:46  Supply Depot  
  54  4:54  Supply Depot  
  54  5:07  Liberator, Widow Mine  
  54  5:08  SCV x2, Marine x2  
  54  5:14  Barracks x2  
  60  5:16  Barracks  
  60  5:20  SCV  
  61  5:23  Combat Shields  
  64  5:32  SCV, Marine  
  66  5:36  Marine x2  
  66  5:38  SCV  
  66  5:40  Factory Reactor  
  69  5:59  Reaper  
  69  6:02  Refinery  
  69  6:03  Refinery  
  70  6:12  SCV x2  
  70  6:14  Marauder  
  70  6:15  Marine  
  70  6:16  Marine x2  
  68  6:24  SCV x2  
  68  6:25  Terran Infantry Armor Level 1  
  67  6:26  Armory  
  67  6:27  Command Center, Engineering Bay  
  67  6:32  Medivac  
  69  6:36  SCV  
  69  6:38  Barracks Tech Lab, Barracks Reactor  
  70  6:43  Supply Depot  
  70  6:44  Supply Depot  
  70  6:50  Concussive Shells  
  70  6:55  Supply Depot  
  70  6:56  SCV, Marine  
  70  6:58  Medivac  
  70  7:04  Marine x4  
  70  7:05  Supply Depot  
  70  7:08  Supply Depot  
  74  7:10  SCV  
  74  7:15  Marine x3  
  76  7:18  SCV  
  76  7:22  Marine  
  82  7:23  Marauder  
  82  7:25  SCV, Marine x2  
  82  7:27  Factory Reactor  
  85  7:30  SCV, Terran Infantry Weapons Level 1  
  85  7:33  Marine  
  85  7:36  Marine x2  
  89  7:37  SCV  
  89  7:39  Supply Depot  
  89  7:41  Medivac x2  
  89  7:43  Marauder  
  96  7:45  SCV  
  96  7:46  Orbital Command  
  96  7:49  SCV  
  98  7:52  Marine x2  
  100  8:04  Marine  
  100  8:05  Marine, Marauder  
  104  8:16  Marine  
  104  8:17  Marauder  
  107  8:21  Marine x2  
  107  8:22  SCV  
  107  8:25  Supply Depot  
  107  8:27  Marauder  
  112  8:30  Orbital Command  
  112  8:31  Marine  
  112  8:32  Marine  
  111  8:35  Marine  
  111  8:36  SCV  
  111  8:38  Marauder, Marine  
  116  8:48  Marauder  
  108  8:50  Marine  
  108  9:00  Marauder  
  108  9:02  Marine x2  
  100  9:03  Marine  
  100  9:04  SCV  
  100  9:06  SCV  
  100  9:09  Marauder  
  98  9:10  SCV  
  98  9:11  Barracks  
  98  9:13  Barracks  
  98  9:16  Barracks  
  99  9:20  Marine x2  
  99  9:21  SCV, Marauder  
  97  9:38  Marine x2  
  97  9:39  Medivac, Marine, Marauder  
  97  9:40  Medivac  
  97  9:41  SCV x2  
  97  9:43  Supply Depot  
  97  9:44  Starport  
  105  9:46  Refinery, Terran Infantry Weapons Level 2  
  105  9:47  Terran Infantry Armor Level 2, Refinery  
  105  9:54  Marine x2  
  105  9:56  Marine x2  
  105  9:57  Missile Turret  
  109  10:00  Missile Turret  
  109  10:01  Marauder  
  109  10:04  SCV  
  109  10:05  Marine x2  
  109  10:06  Marine  
  115  10:09  Medivac  
  115  10:12  SCV, Marine x2, Marauder  
  115  10:13  Missile Turret  
  122  10:15  Supply Depot  
  122  10:22  Marauder  
  122  10:23  Marine  
  122  10:24  Marine x4  
  122  10:27  SCV  
  130  10:30  Marine x2  
  130  10:31  SCV  
  130  10:34  Marauder  
  135  10:41  Marine x2  
  135  10:42  Marine x3  
  140  10:44  Marauder  
  140  10:45  Medivac x4  
  140  10:46  SCV  
  140  10:48  Marine x2  
  140  10:49  SCV  
  154  10:50  Supply Depot  
  154  10:51  SCV  
  154  10:53  Supply Depot x3  
  154  10:55  Marauder  
  157  11:07  Supply Depot  
  157  11:09  Supply Depot  
  157  11:12  SCV x3, Marine, Sensor Tower  
  157  11:14  Marine x4  
  157  11:15  Marauder  
  167  11:20  Supply Depot  
  167  11:21  Supply Depot  
  167  11:24  SCV  
  165  11:27  Marine x2  
  165  11:28  Marine  
  165  11:30  Marine  
  165  11:31  SCV  
  165  11:32  Marine  
  171  11:34  SCV  
  171  11:35  Ghost Academy  
  171  11:36  Marauder  
  173  11:45  Marine  
  173  11:46  Marine x2  
  176  11:48  Viking x2  
  176  11:49  Viking x2  
  176  11:52  Supply Depot  
  184  12:07  Marine x2  
  184  12:08  Marine  
  187  12:13  Marine x2  
  187  12:14  Marine, Marauder  
  192  12:17  SCV  
  192  12:18  Medivac, Viking  
  192  12:19  Viking  
  192  12:20  SCV  
  200  12:23  Terran Infantry Weapons Level 3  
  200  12:55  Barracks  
  200  12:56  Barracks  
  192  13:16  Marine  
  192  13:17  Marauder  
  161  13:22  Marine x4  
  161  13:23  Marauder  
  161  13:26  Marine x2  
  150  13:28  Viking x2  
  151  13:34  Marine  
  151  13:38  Marine  
  151  13:39  Marine  
  151  13:40  Marine x3  
  150  13:44  Marauder  
  150  13:45  Marine x2  
  96  13:56  Marauder  
  96  13:57  Marine  
  93  14:06  Marauder  
  93  14:09  SCV  
  96  14:12  SCV  
  97  14:17  Marauder  
  97  14:19  Marine x2  
  100  14:37  Ghost  
  102  14:54  Ghost, Marine x3  
  107  15:02  Marine  
  107  15:03  Marine  
Tags
 
Add a new tag
Caveats
  • Supply blocks, unpowered buildings, or Contaminate may cause inaccurate times.
  • Supply counts are checked every 10 seconds.